 Dungeon Crawl Stone Soup version 0.30-a0-475-g03497ec522 (webtiles) character file.

Game seed: 12123865494724494805

5079 PyroL the Transmogrifier (level 10, -1/66 HPs)
             Began as an Octopode Transmuter on Dec 21, 2022.
             Was a Follower of Ru.
             Killed by the air
             ... invoked by Gastronok
              (29 damage)
             ... on level 8 of the Dungeon.
             The game lasted 00:29:26 (11357 turns).

PyroL the Transmogrifier (Octopode Transmuter)     Turns: 11357, Time: 00:29:27

Health: -1/66      AC:  2    Str: 10    XL:     10   Next: 56%
Magic:  0/13       EV: 22    Int: 20    God:    Ru [*.....]
Gold:   537        SH:  0    Dex: 17    Spells: 3/13 levels left

rFire   . . .      SeeInvis +      - Unarmed
rCold   . . .      Faith    .    (shield currently unavailable)
rNeg    . . .      Spirit   +    (helmet currently unavailable)
rPois   .          Reflect  .    d - amulet of guardian spirit
rElec   .          Harm     .    j - ring of poison resistance
rCorr   .          Rampage  .    x - ring of see invisible
Will    .....                    (no ring)
Stlth   ++........               (no ring)
HPRegen 0.31/turn                (no ring)
MPRegen 0.13/turn                (no ring)
                                 (no ring)
                                 (no ring)

@: brilliant, spider-form, wereblooded, attractive, slowed, very slow
A: venomous fangs, almost no armour, (amphibious), 8 rings, tiny, (camouflage
1), (gelatinous body 1), weak-willed 1, (nimble swimmer 1), (tentacles)
a: End Transformation, Renounce Religion, Sacrifice Resistance, Sacrifice
Artifice, Sacrifice a Hand, Reject Sacrifices


You were on level 8 of the Dungeon.
You worshipped Ru.
Ru was aware of your devotion.
You were a venomous arachnid creature.
You visited 2 branches of the dungeon, and saw 10 of its levels.

You collected 537 gold pieces.

Inventory:

Missiles
 l - 39 poisoned darts
Jewellery
 d - an amulet of guardian spirit (around neck)
 j - a ring of poison resistance (left front leg)
 x - a ring of see invisible (right front leg)
Wands
 t - a wand of flame (16)
 u - a wand of mindburst (17)
Scrolls
 f - a scroll of blinking
 h - 3 scrolls of teleportation
 i - a scroll of noise
 m - 2 scrolls of enchant weapon {unknown}
 o - a scroll of brand weapon {unknown}
 p - 2 scrolls of torment
 q - a scroll of butterflies {unknown}
 s - 2 scrolls of magic mapping {unknown}
 v - 2 scrolls of identify {unknown}
 w - a scroll of poison {unknown}
Potions
 a - a potion of lignification
 b - 2 potions of heal wounds
 c - a potion of flight {unknown}
 e - a potion of degeneration {unknown}
 g - 4 potions of curing
 k - a potion of attraction
 n - a potion of brilliance
 r - 2 potions of resistance {unknown}
 z - a potion of berserk rage {unknown}


   Skills:
 - Level 5.0 Fighting
 - Level 3.0 Throwing
 - Level 5.0 Dodging
 - Level 3.0 Stealth
 - Level 5.0 Unarmed Combat
 - Level 2.0 Spellcasting
 + Level 11.2 Transmutations
 - Level 5.0 Ice Magic
 - Level 3.0 Poison Magic


You had 3 spell levels left.
You knew the following spells:

 Your Spells              Type           Power      Damage    Failure   Level
a - Beastly Appendage     Tmut           100%       N/A       1%          1
b - Wereblood             Tmut           63%        N/A       2%          2
c - Spider Form           Tmut/Pois      45%        N/A       10%         3
d - Ice Form              Ice/Tmut       51%        N/A       16%         4

Your spell library contained the following spells:

 Spells                   Type           Power      Damage    Failure   Level
 Necrotise                Necr           12%        1d4       34%         1
 Call Canine Familiar     Summ           3%         N/A       65%         3
 Inner Flame              Hex/Fire       3%         N/A       65%         3
 Portal Projectile        Hex/Tloc       6%         N/A       65%         3
 Vampiric Draining        Necr           3%         2d6       65%         3
 Flame Wave               Conj/Fire      3%         2d5       94%         4
 Leda's Liquefaction      Hex/Erth       1%         N/A       94%         4
 Sticky Flame             Conj/Fire      3%         2d3       94%         4
 Freezing Cloud           Conj/Ice/Air   6%         6-21      98%         5
 Agony                    Necr           3%         N/A       100%        5
 Simulacrum               Ice/Necr       9%         N/A       100%        6
 Polar Vortex             Ice            16%        N/A       100%        9


Dungeon Overview and Level Annotations

Branches:
Dungeon (9/15)             Temple (1/1) D:5
   Lair: D:8-11         Orc: D:9-12

Altars:
Ashenzari
Cheibriados
Dithmenos
Fedhas
Hepliaklqana
Kikubaaqudgha
Makhleb
Nemelex Xobeh
Okawaru
Qazlal
Ru
Trog
Uskayaw
Vehumet
Wu Jian
Xom
Yredelemnul
Zin
The Shining One

Shops:
D:4 =

Annotations:
D:3 2 runed translucent doors, Crazy Yiuf; Dordric's ghost, amateur HOMo
D:8 Gastronok


Innate Abilities, Weirdness & Mutations

You are a venomous arachnid creature.
You have poisonous fangs.
You are tiny and dextrous.
Your spellcasting is less reliable in this form.
Your armour is entirely melded.
You are incapable of wielding weapons or throwing items.
You cannot wear most types of armour.
((You are amphibious.))
You can wear up to eight rings at the same time.
((Your skin changes colour to match your surroundings (Stealth+).))
((Your rubbery body absorbs attacks. (AC +1, EV +1)))
You are slightly weak-willed. (Will-)
((You are camouflaged when in or above water. (Stealth+)))
((You have tentacles for arms and can constrict up to eight enemies at once.))


Message History

Gastronok puts on a burst of speed!
You climb upwards.
There is a stone staircase leading down here.
Casting: Wereblood (safe; 1% risk of failure)
Confirm with . or Enter, or press ? or * to list all spells.
Your blood is freshly infused with primal strength!
Casting: Wereblood (safe; 1% risk of failure)
Confirm with . or Enter, or press ? or * to list all spells.
You turn into a venomous arachnid creature.
Gastronok barely misses you.
You hit Gastronok.
Gastronok is poisoned.
Gastronok is lightly wounded.
You hit Gastronok but do no damage.
Gastronok is lightly wounded.
You hit Gastronok.
Gastronok looks as sick as possible!
Gastronok is lightly wounded.
Gastronok casts a spell at you.
You feel yourself slow down.
You hit Gastronok.
Gastronok looks as sick as possible!
Gastronok is lightly wounded.
Gastronok bites you.
You hit Gastronok.
Gastronok looks as sick as possible!
Gastronok is lightly wounded.
You hit Gastronok but do no damage.
Gastronok is lightly wounded.
Gastronok waves his eye-stalks in wide circles.
The air twists around and strikes you!!!
Ouch! That really hurt!
* * * LOW HITPOINT WARNING * * *
It was a potion of attraction.
You feel attractive to monsters.
Gastronok gurgles, "I'll eat you, I will!"
Gastronok completely misses you.
You hit Gastronok but do no damage.
Gastronok is moderately wounded.
It was a potion of brilliance.
You feel clever all of a sudden.
Gastronok waves his eye-stalks in wide circles.
The air twists around and strikes you!!
You die...

..#............#.# #.#
.....#######.#...# #.#
.#.#.#######.#.### #.#
.#...........#.# #.#
...)..########'## #.#
#####.# ##...## #.# ##.#
##.....## #.# ##..#
##.......## ##.##
###...####.....ws..####...##
.........'......†..+.......#
###...####.........####....#
##..# ##.......## ##.#.#
##.# ##.....## ###.#
#####.#######...## #.#
#.........# ##'## #.#
#.###.###.# #.###########.#
#.....###.####.#...)....##.#


You could see Gastronok (swift, extremely poisoned).

Vanquished Creatures
  4 yaks (D:8)
  A wyvern (D:8)
  Menkaure (D:6)
  A water moccasin (D:7)
  4 ice beasts
  2 orc warriors
  2 sky beasts
  2 black bears
  4 ogres
  3 centaurs
  A bullfrog (D:7)
  4 kobold brigands
  5 necrophages
  5 scorpions
  8 wights
  5 killer bees (D:8)
  3 howler monkeys (D:9)
  2 gnoll boudas
  3 hounds
  A jelly (D:5)
  7 orc priests
  2 iguanas
  4 orc wizards
  Natasha (twice) (D:3)
  9 gnolls
  7 adders
  A shadow imp (D:6)
  An ufetubus (D:5)
  A dart slug (D:2)
  22 orcs
  3 bats
  7 endoplasms
  4 giant cockroaches
  8 goblins
  12 hobgoblins
  2 quokkas
  12 ball pythons
  5 frilled lizards
  24 kobolds
  7 rats
201 creatures vanquished.

Vanquished Creatures (others)
  An orc warrior (D:9)
  A hound (D:6)
  A fungus (D:3)
  3 plants (D:9)
6 creatures vanquished.

Grand Total: 207 creatures vanquished

Notes
Turn   | Place    | Note
-------+----------+-------------------------------------------
     0 | D:1      | PyroL the Octopode Transmuter began the quest for the Orb.
     0 | D:1      | Reached XP level 1. HP: 13/13 MP: 3/3
    81 | D:1      | Reached skill level 1 in Poison Magic
   129 | D:1      | Reached XP level 2. HP: 18/18 MP: 3/5
   161 | D:1      | Learned a level 2 spell: Wereblood
   562 | D:1      | Reached XP level 3. HP: 18/23 MP: 3/6
  1262 | D:2      | Reached skill level 3 in Transmutations
  1561 | D:2      | Reached XP level 4. HP: 28/28 MP: 5/7
  2020 | D:3      | Noticed Natasha
  2028 | D:3      | Killed Natasha
  2029 | D:3      | Reached skill level 4 in Transmutations
  2132 | D:3      | Found a runed translucent door.
  2133 | D:3      | Noticed Crazy Yiuf
  2159 | D:3      | Reached XP level 5. HP: 29/33 MP: 5/8
  2423 | D:3      | Noticed Natasha
  2424 | D:3      | Found a runed translucent door.
  2428 | D:3      | Killed Natasha
  2439 | D:3      | Noticed Dordric's ghost (amateur HOMo)
  2465 | D:3      | Found a faded altar of an unknown god.
  2570 | D:3      | Learned a level 3 spell: Spider Form
  2719 | D:4      | Reached skill level 5 in Transmutations
  2722 | D:4      | Reached XP level 6. HP: 7/38 MP: 1/9
  3192 | D:4      | Found Qeiwufu's Jewellery Emporium.
  3472 | D:5      | Entered Level 5 of the Dungeon
  3524 | D:5      | Found a staircase to the Ecumenical Temple.
  3530 | Temple   | Entered the Ecumenical Temple
  3629 | Temple   | Became a worshipper of Ru the Awakened
  4180 | D:5      | Reached skill level 5 in Unarmed Combat
  4215 | D:5      | Reached XP level 7. HP: 36/44 MP: 5/10
  4683 | D:5      | Reached skill level 5 in Dodging
  4683 | D:5      | Reached XP level 8. HP: 52/52 MP: 7/11
  5343 | D:6      | Gained mutation: You are slightly weak-willed. (Will-) [Ru
                  | sacrifice]
  5343 | D:6      | Reached * piety under Ru
  5411 | D:6      | Reached skill level 5 in Fighting
  5411 | D:6      | Reached skill level 1 in Throwing
  5749 | D:6      | Reached skill level 6 in Transmutations
  6167 | D:6      | Reached skill level 1 in Ice Magic
  6167 | D:6      | Reached XP level 9. HP: 44/61 MP: 7/12
  6738 | D:7      | Noticed Menkaure
  6814 | D:6      | HP: 1/61 [Menkaure (22)]
  6816 | D:6      | Killed Menkaure
  6817 | D:6      | Reached skill level 7 in Transmutations
  7089 | D:6      | Reached skill level 8 in Transmutations
  7487 | D:7      | Found a shadowy altar of Dithmenos.
  8781 | D:7      | Reached skill level 9 in Transmutations
  8887 | D:8      | Learned a level 4 spell: Ice Form
  9082 | D:8      | Reached XP level 10. HP: 31/66 MP: 6/13
  9408 | D:8      | Reached skill level 5 in Ice Magic
  9888 | D:8      | Reached skill level 10 in Transmutations
 10777 | D:9      | Noticed Gastronok
 11155 | D:8      | Reached skill level 11 in Transmutations
 11357 | D:8      | Killed from afar by Gastronok

Illustrated notes

Levels and vault maps discovered:
D:1:      tarquinn_simple_flora_water_b, layout_basic, amethyst_killhole
D:2:      layout_basic, nicolae_elevator_lobby_plus
D:3:      layout_loops_ring, shapermc_ecumenical_altar_ellora,
          ebering_ghost_sewer_d, uniq_crazy_yiuf_cottage, uniq_natasha
D:4:      layout_cave_pools, serial_shops, kennysheep_little_box, minmay_between
D:5:      layout_basic, minmay_temple_entry_trees,
          hangedman_abyss_or_decor_stagger, nicolae_sextant
D:6:      layout_basic
D:7:      layout_loops_ring, old_standard_altar, uniq_menkaure
D:8:      layout_loops_corners
D:9:      layout_cave_pools, mainiacjoe_overflow_brackets, lair_entry_dummy,
          worms_lemuel, uniq_gastronok
Temple:   dpeg_five_rooms_temple

Skill      XL: |  1  2  3  4  5  6  7  8  9 10 |
---------------+-------------------------------+-----
Poison Magic   | 1 2 3 |  3.0
Transmutations | 3 4 5 6 9 11 | 11.2
Unarmed Combat | 5 |  5.0
Dodging        | 5 |  5.0
Fighting       | 3 5 |  5.0
Throwing       | 3 |  3.0
Stealth        | 3 |  3.0
Ice Magic      | 1 4 5 |  5.0
Spellcasting   | |  2.0

Action                   |  1- 3 |  4- 6 |  7- 9 | 10-12 || total
-------------------------+-------+-------+-------+-------++-------
Melee: Unarmed           |    82 |   109 |   376 |   170 ||   737
       Kick              |    18 |    33 |     1 |       ||    52
       Constrict         |    23 |    20 |     3 |       ||    46
       Tentacles         |    12 |    19 |     5 |       ||    36
       Punch             |     1 |     2 |     2 |       ||     5
 Cast: Beastly Appendage |    28 |    21 |     2 |       ||    51
       Wereblood         |     1 |     7 |    15 |    11 ||    34
       Spider Form       |       |     4 |    41 |    15 ||    60
       Ice Form          |       |       |       |     1 ||     1
Invok: Sacrifice Essence |       |       |     1 |       ||     1
  Use: Scroll            |       |     1 |     3 |       ||     4
       Potion            |       |       |     3 |     3 ||     6
 Stab: Sleeping          |     5 |     1 |     4 |     1 ||    11
       Distracted        |       |       |     1 |     1 ||     2
Armor: Skin              |     2 |     6 |    20 |     9 ||    37
Dodge: Dodged            |    46 |    76 |   282 |   184 ||   588

Table legend: (Time is in decaauts)
 A = Elapsed time spent in this place.
 B = Non-inter-level travel time spent in this place.
 C = Inter-level travel time spent in this place.
 D = Time resting spent in this place.
 E = Time spent auto-exploring this place.
 F = Levels seen in this place.
 G = Mean time per level.
                   A        B        C        D        E       F      G
               +--------+--------+--------+--------+--------+-----+--------+
         Total |  11312 |  10807 |    505 |   2744 |   5980 |  10 | 1131.2 |
       Dungeon |  11032 |  10575 |    457 |   2744 |   5764 |   9 | 1225.8 |
        Temple |    279 |    231 |     48 |      0 |    216 |   1 |  279.0 |
               +--------+--------+--------+--------+--------+-----+--------+

Top non-repeatable levels by time:
     D:6: 2506 daAuts
     D:8: 2113 daAuts
     D:7: 1463 daAuts
     D:5: 1366 daAuts
     D:1: 1171 daAuts
     D:3: 948 daAuts
     D:2: 797 daAuts
     D:4: 574 daAuts
  Temple: 279 daAuts
     D:9: 90 daAuts
